 Dungeon Crawl Stone Soup version 0.30-a0-954-gcf5f444c16 (webtiles) character file.

Game seed: 4263822331323721472

74 Jane2 the Cutter (level 4, 0/34 HPs)
             Began as a Human Gladiator on Mar 29, 2023.
             Was an Initiate of Makhleb.
             Succumbed to a scorpion's poison
             ... on level 2 of the Dungeon.
             The game lasted 00:09:18 (1623 turns).

Jane2 the Cutter (Human Gladiator)                  Turns: 1623, Time: 00:09:19

Health: 0/34       AC:  4    Str: 18    XL:     4   Next: 52%
Magic:  4/4        EV: 13    Int: 12    God:    Makhleb [......]
Gold:   93         SH:  0    Dex: 17    Spells: 3/3 levels left

rFire   . . .      SeeInvis .    q - +6 spear of Jotuf {heavy, +Blink Str+4 Dex+2}
rCold   . . .      Faith    .    (no shield)
rNeg    . . .      Spirit   .    b - +0 leather armour
rPois   .          Reflect  .    (helmet restricted)
rElec   .          Rampage  .    (no cloak)
rCorr   .          Clarity  +    n - +0 pair of gloves
Will    .....                    (no boots)
Stlth   +                        (no amulet)
HPRegen 0.25/turn                (no ring)
MPRegen 0.09/turn                (no ring)

@: lethally poisoned (0 -> -9), on blink cooldown
A: horns 1, clarity, clever 1
a: Renounce Religion, Evoke Blink


You were on level 2 of the Dungeon.
You worshipped Makhleb.
Makhleb was noncommittal.
You visited 1 branch of the dungeon, and saw 2 of its levels.

You collected 93 gold pieces.

Inventory:

Hand Weapons
 a - a +0 rapier
 q - the +6 spear of Jotuf (weapon) {heavy, +Blink Str+4 Dex+2}
   (You found it on level 2 of the Dungeon)

   Str:       It affects your strength (+4).
   Dex:       It affects your dexterity (+2).
   +Blink:    It lets you blink.
Missiles
 d - 4 throwing nets (quivered)
 e - a javelin
Armour
 b - a +0 leather armour (worn)
 c - a +0 helmet
 n - a +0 pair of gloves (worn)
Scrolls
 f - a scroll of poison {unknown}
 g - a scroll of summoning {unknown}
 j - a scroll of identify {unknown}
 k - a scroll of magic mapping {unknown}
 m - a scroll of fear {unknown}
 p - a scroll of amnesia {unknown}
Potions
 i - 2 potions of haste {unknown}
 l - a potion of heal wounds {unknown}
 o - a potion of flight {unknown}


   Skills:
 + Level 2.5 Fighting
 - Level 3.8 Short Blades
 * Level 0.4 Polearms
 - Level 2.0 Throwing
 + Level 1.2 Armour
 + Level 3.5 Dodging


You had 3 spell levels left.
You didn't know any spells.
Your spell library was empty.

Dungeon Overview and Level Annotations

Branches:
Dungeon (2/15)

Altars:
Makhleb


Innate Abilities, Weirdness & Mutations

You have a pair of small horns on your head.
You possess an exceptional clarity of mind.
Your mind is acute. (Int +4, Str/Dex -1)


Message History

You puncture the adder!
You kill the adder!
Makhleb accepts your kill.
You feel sick.
You are no longer poisoned.
The bat misses you. The bat barely misses you.
The rat bites you but does no damage. x2
Your Armour skill increases to level 1!
An adder comes into view.
The adder hisses angrily.
The bat hits you but does no damage.
A scorpion comes into view.
The rat closely misses you.
Found a scroll labelled HUEQEN REEBASH and 12 gold pieces.
The adder closely misses you.
You puncture the rat!
You kill the rat!
Makhleb accepts your kill. The bat hits you but does no damage.
The bat closely misses you. The adder closely misses you. The adder bites you.
* * * LOW HITPOINT WARNING * * *
The bat misses you.
You puncture the adder!
You kill the adder!
Makhleb accepts your kill. The bat hits you but does no damage.
The bat closely misses you.
The scorpion stings you but does no damage.
You fail to use your ability.
The bat hits you but does no damage. The scorpion stings you.
* * * LOW HITPOINT WARNING * * *
You are lethally poisoned!
The scorpion poisons you!
You blink.
* * * LOW HITPOINT WARNING * * *
You feel very sick.
It was a potion of mutation.
You feel extremely strange. A pair of horns grows on your head!
Your +0 helmet falls away!
Your thoughts seem clearer.
You feel clever.
You die...

#.# #.. .## ####)#### #.. .
.#. .....###.......# #.. .#.
... ...#.....##.##.####..
...##.##.....#..#..#........
#.#...#.###....#...........
...$.... #.#..#.##........ #
#.. #?###..........####..
....##.##...@.##.......# #..
#.....†s..#.....#.##### #..
.....#.#§b...###.#.# #.. ...
#?#.#....##.#.# #.. .
###...........# #####..
..#.##.##.### #...... #.##.#
###.# #.##### .. #.. ..#
#...... ### #### ### #..##.#


You could see a scorpion and a bat.

Vanquished Creatures
  3 adders (D:2)
  2 dart slugs (D:1)
  5 ball pythons
  6 endoplasms
  2 giant cockroaches (D:1)
  5 goblins
  3 hobgoblins (D:1)
  4 kobolds (D:1)
  5 bats (D:1)
  2 frilled lizards
  5 rats
42 creatures vanquished.

Notes
Turn   | Place    | Note
-------+----------+-------------------------------------------
     0 | D:1      | Jane2 the Human Gladiator began the quest for the Orb.
     0 | D:1      | Reached XP level 1. HP: 16/16 MP: 1/1
   133 | D:1      | Reached XP level 2. HP: 14/22 MP: 2/2
   359 | D:1      | Reached XP level 3. HP: 27/27 MP: 3/3
   913 | D:2      | Found a burning altar of Makhleb.
   970 | D:2      | Became a worshipper of Makhleb the Destroyer
  1384 | D:2      | Reached XP level 4. HP: 22/34 MP: 4/4
  1460 | D:2      | Identified the +6 spear of Jotuf {heavy, +Blink Str+4
                  | Dex+2}
  1616 | D:2      | Reached skill level 1 in Armour
  1616 | D:2      | Noticed a scorpion
  1623 | D:2      | Gained mutation: You have a pair of small horns on your
                  | head. [potion of mutation]
  1623 | D:2      | Gained mutation: You possess an exceptional clarity of
                  | mind. [potion of mutation]
  1623 | D:2      | Gained mutation: Your mind is acute. (Int +4, Str/Dex -1)
                  | [potion of mutation]
  1623 | D:2      | Succumbed to a scorpion's poison

Illustrated notes

Levels and vault maps discovered:
D:1:      sevenhm_arrival_forest_fort_large_3, layout_basic
D:2:      layout_loops_cross, basic_altar, hangedman_decor_diamond_cutter,
          grunt_decor_clamped, minmay_fractal_squares_5

Skill      XL: |  1  2  3  4 |
---------------+-------------+-----
Armour         | 1 |  1.2
Fighting       | |  2.5
Short Blades   | |  3.8
Polearms       | |  0.4
Throwing       | |  2.0
Dodging        | |  3.5

Action                     |  1- 3 |  4- 6 || total
---------------------------+-------+-------++-------
  Melee: Rapier            |   141 |     3 ||   144
         Punch             |     2 |       ||     2
         Spear             |       |     8 ||     8
Ability: Evoke Blink       |       |     1 ||     1
    Use: Potion            |       |     1 ||     1
   Stab: Sleeping          |     1 |       ||     1
 Armour: Leather armour    |    53 |    17 ||    70
  Dodge: Dodged            |   134 |    19 ||   153

Table legend: (Time is in decaauts)
 A = Elapsed time spent in this place.
 B = Non-inter-level travel time spent in this place.
 C = Inter-level travel time spent in this place.
 D = Time resting spent in this place.
 E = Time spent auto-exploring this place.
 F = Levels seen in this place.
 G = Mean time per level.
                   A        B        C        D        E       F      G
               +--------+--------+--------+--------+--------+-----+--------+
         Total |   1632 |   1533 |     99 |    229 |    750 |   2 |  816.0 |
       Dungeon |   1632 |   1533 |     99 |    229 |    750 |   2 |  816.0 |
               +--------+--------+--------+--------+--------+-----+--------+

Top non-repeatable levels by time:
     D:1: 883 daAuts
     D:2: 748 daAuts
